 Dungeon Crawl Stone Soup version 0.27-a0-1287-gca74d27db6 (webtiles) character file.

Game seed: 2158601760993114318

641 solopath the Digger (level 7, -1/47 HPs)
             Began as a Formicid Earth Elementalist on June 14, 2021.
             Was a Priest of Jiyva.
             Succumbed to a scorpion's poison
             ... on level 5 of the Dungeon.
             The game lasted 00:09:14 (5906 turns).

solopath the Digger (Formicid Earth Elementalist)   Turns: 5906, Time: 00:09:14

Health: -1/47      AC:  4    Str: 12    XL:     7   Next: 81%
Magic:  11/13      EV: 12    Int: 19    God:    Jiyva [***...]
Gold:   46         SH:  0    Dex:  9    Spells: 11/14 levels left

rFire    . . .     SeeInvis +   g - +1 short sword (speed)
rCold    . . .     Faith    .   (no shield)
rNeg     . . .     Spirit   .   c - +0 robe
rPois    .         Reflect  .   (helmet unavailable)
rElec    .         Harm     .   m - +1 cloak
rCorr    +         Rampage  .   (no gloves)
Will     .....                  (no boots)
Stlth    +++.......             (no amulet)
HPRegen  0.15/turn              (no ring)
MPRegen  0.13/turn              (no ring)

@: lethally poisoned (-1 -> -21)
A: permanent stasis, dig shafts and tunnels, antennae 3, four strong arms,
hooves 1
a: Dig, Shaft Self, Renounce Religion, Request Jelly


You were on level 5 of the Dungeon.
You worshipped Jiyva.
Jiyva was most pleased with you.
You visited 1 branch of the dungeon, and saw 5 of its levels.

You collected 46 gold pieces.

Inventory:

Hand Weapons
 a - a +0 dagger
 g - a +1 short sword of speed (weapon)
Missiles
 b - 17 stones
 e - 6 datura-tipped darts
Armour
 c - a +0 robe (worn)
 m - a +1 cloak (worn)
Scrolls
 h - 3 scrolls of identify {unknown}
Potions
 f - a potion of haste
 j - 2 potions of curing
 l - 2 potions of attraction {unknown}


   Skills:
 + Level 0.9 Fighting
 + Level 0.2 Short Blades
 - Level 1.7 Dodging
 + Level 5.6 Stealth
 - Level 4.0 Spellcasting
 + Level 1.6 Transmutations
 * Level 7.7 Earth Magic


You had 11 spell levels left.
You knew the following spells:

 Your Spells              Type           Power      Damage    Failure   Level
a - Sandblast             Erth           66%        2d15      1%          1
b - Passwall              Tmut/Erth      17%        N/A       3%          2

Your spell library contained the following spells:

 Spells                   Type           Power      Damage    Failure   Level
 Stone Arrow              Conj/Erth      36%        3d9       9%          3
 Lee's Rapid Deconstruct  Erth           16%        3d11*     16%         5
 Petrify                  Tmut/Erth      21%        N/A       21%         4


Dungeon Overview and Level Annotations

Branches:
Dungeon (5/15)
 Temple: D:4-7

Altars:
Elyvilon
Fedhas
Trog
Uskayaw
Vehumet
Zin
Jiyva

Shops:
D:4 (


Innate Abilities, Weirdness & Mutations

You cannot be hasted, slowed, berserked, paralysed or teleported.
You can dig through walls and to a lower floor.
You have a pair of large antennae on your head. (SInv)
Your four strong arms can wield two-handed weapons with a shield.
You have large cloven feet.


Message History

The scorpion is heavily wounded.
You feel sick. The scorpion stings you.
You are more poisoned.
The scorpion poisons you!
You hit the scorpion but do no damage.
The scorpion is heavily wounded.
You feel very sick.
You barely miss the scorpion. Your kick misses the scorpion.
The scorpion is heavily wounded.
You feel very sick. The scorpion misses you.
You hit the scorpion.
The scorpion is severely wounded.
You feel sick. The scorpion stings you.
You hit the scorpion.
The scorpion is almost dead.
You feel very sick.
The scorpion stings you but does no damage.
The orc wizard mumbles some strange words.
The orc wizard flickers and vanishes for a moment.
You hit the scorpion but do no damage.
The scorpion is almost dead.
You feel sick. The scorpion barely misses you.
You closely miss the scorpion.
You kick the scorpion, but do no damage.
The scorpion is almost dead.
You feel sick. The scorpion misses you.
You barely miss the scorpion.
The scorpion is almost dead.
You feel sick.
The scorpion stings you but does no damage.
You hit the scorpion but do no damage.
The scorpion is almost dead.
You feel sick. The scorpion stings you!
* * * LOW HITPOINT WARNING * * *
You are more poisoned.
The scorpion poisons you!
You hit the scorpion but do no damage.
The scorpion is almost dead.
You die...

#...†...............#
#......# ..........#
##..<..# ..........
#...### ......#..
#.#########........
#.# #.............
#.####..o.........#
#.##..o.#.........#
##@#....##.........
##so#..##.........
#oZ.##.........#..
#....##............
..#..........#...#..
#......###.....#..##..
#..._... #...###... .
###..... ## #...#.


You could see a scorpion, an orc wizard (invisible) and a bullfrog skeleton.

Vanquished Creatures
  Grinder (D:4)
  A kobold brigand (D:4)
  2 scorpions (D:4)
  A howler monkey (D:5)
  Crazy Yiuf (D:3)
  An iguana (D:4)
  Natasha (thrice) (D:3)
  Robin (D:4)
  A gnoll (D:1)
  5 adders
  A dart slug (D:2)
  An orc (D:3)
  2 ball pythons
  4 bats
  4 giant cockroaches
  10 goblins
  7 hobgoblins
  6 jackals
  4 kobolds
  2 quokkas
  2 frilled lizards
  A rat (D:2)
61 creatures vanquished.

Vanquished Creatures (others)
  2 hounds
  3 jellies
  3 adders
  A dart slug (D:1)
  5 endoplasms
  8 orcs
  4 giant cockroaches
  3 goblins
  3 hobgoblins
  2 jackals
  6 kobolds
  A quokka (D:3)
  3 ball pythons
  A bat (D:3)
  2 frilled lizards
  5 rats
52 creatures vanquished.

Grand Total: 113 creatures vanquished

Notes
Turn   | Place    | Note
-------+----------+-------------------------------------------
     0 | D:1      | solopath the Formicid Earth Elementalist began the quest
                  | for the Orb.
     0 | D:1      | Reached XP level 1. HP: 13/13 MP: 3/3
   278 | D:1      | Found a faded altar of an unknown god.
   302 | D:1      | Became a worshipper of Jiyva Josuetaf the Shapeless
   302 | D:1      | Reached * piety under Jiyva
   328 | D:1      | Reached XP level 2. HP: 9/19 MP: 5/5
   529 | D:1      | Reached skill level 4 in Earth Magic
  1125 | D:2      | Reached XP level 3. HP: 12/24 MP: 6/6
  1552 | D:2      | Reached ** piety under Jiyva
  2270 | D:2      | Reached XP level 4. HP: 12/30 MP: 3/8
  2273 | D:2      | Learned a level 2 spell: Passwall
  2650 | D:3      | Reached skill level 5 in Earth Magic
  3102 | D:3      | Found a runed translucent door.
  3103 | D:3      | Noticed Crazy Yiuf
  3109 | D:3      | Killed Crazy Yiuf
  3110 | D:3      | Reached XP level 5. HP: 26/35 MP: 5/9
  3284 | D:3      | Found a radiant altar of Vehumet.
  3342 | D:3      | Found a hide-covered altar of Uskayaw.
  3465 | D:3      | Noticed Natasha
  3472 | D:3      | Killed Natasha
  3684 | D:3      | Noticed Natasha
  3688 | D:3      | Killed Natasha
  3718 | D:3      | Noticed Natasha
  3733 | D:3      | Killed Natasha
  4096 | D:3      | Found a glowing silver altar of Zin.
  4229 | D:4      | Found Kimin's Antique Weapon Emporium.
  4369 | D:4      | Reached skill level 6 in Earth Magic
  4369 | D:4      | Reached XP level 6. HP: 41/41 MP: 5/11
  4422 | D:4      | Reached *** piety under Jiyva
  4422 | D:4      | Gained mutation: You have large cloven feet. [Jiyva's
                  | grace]
  4451 | D:4      | Noticed Robin
  4464 | D:4      | Killed Robin
  4483 | D:4      | Found a large runed translucent door.
  4483 | D:4      | Found a large runed translucent door.
  5022 | D:4      | Noticed Grinder
  5029 | D:4      | Killed Grinder
  5030 | D:4      | Reached skill level 5 in Stealth
  5030 | D:4      | Reached skill level 7 in Earth Magic
  5030 | D:4      | Reached XP level 7. HP: 32/46 MP: 8/13
  5523 | D:4      | Found a bloodstained altar of Trog.
  5545 | D:4      | Found a blossoming altar of Fedhas.
  5814 | D:5      | Entered Level 5 of the Dungeon
  5859 | D:5      | Found a white marble altar of Elyvilon.
  5905 | D:5      | HP: 2/47 [scorpion (7)]
  5906 | D:5      | Succumbed to a scorpion's poison

Illustrated notes

Levels and vault maps discovered:
D:1:      dpeg_arrival_round_c, layout_basic,
          hellmonk_ecumenical_altar_pennies_from_heaven
D:2:      layout_basic
D:3:      layout_basic, lemuel_doored_altar,
          nicolae_uskayaw_murder_on_the_dancefloor, zin_scriptorium,
          minmay_increasing_density, uniq_crazy_yiuf_cottage, uniq_natasha
D:4:      layout_gridville, jmf_multi_god_temple2, serial_shops,
          kennysheep_little_box, st_stairs_11, uniq_robin, uniq_grinder
D:5:      layout_cave_pools, nicolae_overflow_hidden_temple,
          overflow_temple_1_default, skrybe_limestone_x

Skill      XL: |  1  2  3  4  5  6 |
---------------+-------------------+-----
Earth Magic    | 4 5 6 7 |  7.7
Stealth        | 3 4 5 |  5.6
Spellcasting   | 3 4 |  4.0
Fighting       | |  0.9
Short Blades   | |  0.2
Dodging        | |  1.7
Transmutations | |  1.6

Action                   |  1- 3 |  4- 6 |  7- 9 || total
-------------------------+-------+-------+-------++-------
Melee: Dagger            |   121 |       |       ||   121
       Short sword       |       |   102 |    54 ||   156
       Kick              |       |     2 |    11 ||    13
 Cast: Sandblast         |    19 |    19 |     7 ||    45
 Abil: Dig               |       |     1 |     1 ||     2
  Use: Potion            |     1 |     1 |       ||     2
       Scroll            |       |     3 |       ||     3
 Stab: Sleeping          |     3 |     3 |       ||     6
Armor: Robe              |    39 |    22 |     7 ||    68
Dodge: Dodged            |    76 |    60 |    31 ||   167

Table legend: (Time is in decaauts)
 A = Elapsed time spent in this place.
 B = Non-inter-level travel time spent in this place.
 C = Inter-level travel time spent in this place.
 D = Time resting spent in this place.
 E = Time spent auto-exploring this place.
 F = Levels seen in this place.
 G = Mean time per level.
                   A        B        C        D        E       F      G
               +--------+--------+--------+--------+--------+-----+--------+
         Total |   5868 |   5749 |    119 |    528 |   4483 |   5 | 1173.6 |
       Dungeon |   5868 |   5749 |    119 |    528 |   4483 |   5 | 1173.6 |
               +--------+--------+--------+--------+--------+-----+--------+

Top non-repeatable levels by time:
     D:3: 1730 daAuts
     D:4: 1616 daAuts
     D:2: 1545 daAuts
     D:1: 891 daAuts
     D:5: 85 daAuts
